 Dungeon Crawl Stone Soup version 0.30-a0-43-gbbf338a72c (webtiles) character file.

Game seed: 18307242576434573951

102 MrFrogsmire the Covered (level 4, -7/28 HPs)
             Began as a Gargoyle Fighter on Sept 1, 2022.
             Mangled by a gnoll
             ... wielding a +0 flail
              (8 damage)
             ... on level 2 of the Dungeon.
             The game lasted 00:19:44 (1311 turns).

MrFrogsmire the Covered (Gargoyle Fighter)          Turns: 1311, Time: 00:19:44

Health: -7/28      AC: 10    Str: 21    XL:     4   Next: 78%
Magic:  4/4        EV:  9    Int:  9    God:
Gold:   71         SH:  4    Dex:  9    Spells: 3/3 levels left

rFire   + . .      SeeInvis .    m - +2 short sword (venom)
rCold   . . .      Faith    .    c - +0 buckler
rNeg    + . .      Spirit   .    b - +0 scale mail
rPois   ∞          Reflect  .    (no helmet)
rElec   +          Harm     +    q - scarf {harm}
rCorr   .          Rampage  .    (no gloves)
Will    .....                    (no boots)
Stlth   ..........               (no amulet)
HPRegen 0.09/turn                l - ring of protection from fire
MPRegen 0.09/turn                (no ring)

@: no status effects
A: sickness immunity, AC +3, negative energy resistance 1, electricity
resistance, torment resistance 1, petrification resistance
a: no special abilities


You were on level 2 of the Dungeon.
You visited 1 branch of the dungeon, and saw 2 of its levels.

You collected 71 gold pieces.

Inventory:

Hand Weapons
 a - a +0 rapier
 h - a +0 spear
 m - a +2 short sword of venom (weapon)
 o - a +0 whip
 p - a +0 dagger
Missiles
 i - 17 stones (quivered)
 n - 4 poisoned darts
Armour
 b - a +0 scale mail (worn)
 c - a +0 buckler (worn)
 j - a +0 leather armour
 q - a scarf of harm (worn)
Jewellery
 l - a ring of protection from fire (left hand)
Scrolls
 e - 2 scrolls of identify {unknown}
 f - a scroll of butterflies {unknown}
 g - a scroll of brand weapon {unknown}
 r - a scroll of enchant weapon {unknown}
Potions
 d - 2 potions of curing {unknown}
 k - a potion of invisibility {unknown}


   Skills:
 + Level 3.4 Fighting
 + Level 2.3 Short Blades
 + Level 0.8 Polearms
 + Level 4.2 Armour
 + Level 0.5 Dodging
 + Level 4.2 Shields


You had 3 spell levels left.
You didn't know any spells.
Your spell library contained the following spells:

 Spells                   Type           Power      Damage    Failure   Level
 Necrotise                Necr           0%         1d4       80%         1
 Sting                    Tmut/Pois      0%         1d3       80%         1
 Poisonous Vapours        Pois/Air       0%         N/A       91%         2
 Vampiric Draining        Necr           0%         2d6       99%         3
 Olgreb's Toxic Radiance  Pois           0%         N/A       100%        4
 Agony                    Necr           0%         N/A       100%        5


Dungeon Overview and Level Annotations

Branches:
Dungeon (2/15)

Altars:


Innate Abilities, Weirdness & Mutations

You are immune to sickness and miasma.
Your stone body is resilient. (AC +3)
You are immune to poison.
You resist negative energy. (rN+)
You are resistant to electric shocks. (rElec)
You are resistant to unholy torment.
You are immune to petrification.


Message History

An endoplasm comes into view.
The endoplasm quivers.
The endoplasm freezes you.
You are frozen.
You hit the endoplasm.
The endoplasm is lightly wounded.
The endoplasm freezes you.
You are frozen.
You hit the endoplasm.
The endoplasm is severely wounded.
The endoplasm barely misses you.
You hit the endoplasm.
You kill the endoplasm!
A gnoll comes into view. It is wielding a +0 flail.
The gnoll shouts!
A gnoll comes into view. It is wielding a +0 club.
Sorry, you're not good enough to have a special ability.
Sorry, you're not good enough to have a special ability.
Found a scroll labelled JIPNOR VOTOGHIUSS.
The gnoll closely misses you. The gnoll hits you but does no damage.
You hit the gnoll.
The gnoll is poisoned.
The gnoll is moderately wounded.
The gnoll hits you with a +0 club.
* * * LOW HITPOINT WARNING * * *
The gnoll hits you with a +0 flail.
* * * LOW HITPOINT WARNING * * *
You hit the gnoll.
The gnoll looks as sick as possible!
The gnoll is severely wounded.
The gnoll hits you but does no damage. The gnoll closely misses you.
You barely miss the gnoll.
The gnoll is severely wounded.
You kill the gnoll!
The gnoll hits you with a +0 flail.
* * * LOW HITPOINT WARNING * * *
The gnoll barely misses you.
Things that are here:
a +0 club; 42 gold pieces You hit the gnoll but do no damage.
The gnoll is poisoned.
The gnoll hits you with a +0 flail!
You die...

#...... ... ...... # ..
#...# .. .# ###...##
...##. ### #......#
.....### #.#####..>...#
#....###...........)#
..##.....##...###.......
.......@....########.###
.##.....g......... #.# #
##....#####...#. #.# #
#....# ##... ..# #
#...?# #. ### # #....# #
###### .


You could see a gnoll (very poisoned).

Vanquished Creatures
  2 gnolls (D:2)
  3 adders (D:2)
  3 dart slugs (D:1)
  3 endoplasms
  4 giant cockroaches
  A goblin (D:1)
  A hobgoblin (D:1)
  6 jackals
  3 quokkas
  4 ball pythons (D:1)
  11 bats
  3 frilled lizards (D:1)
  3 kobolds (D:1)
  3 rats (D:2)
50 creatures vanquished.

Notes
Turn   | Place    | Note
-------+----------+-------------------------------------------
     0 | D:1      | MrFrogsmire the Gargoyle Fighter began the quest for the
                  | Orb.
     0 | D:1      | Reached XP level 1. HP: 14/14 MP: 1/1
   113 | D:1      | Reached XP level 2. HP: 6/19 MP: 2/2
   646 | D:1      | Reached XP level 3. HP: 19/23 MP: 3/3
  1154 | D:2      | Reached XP level 4. HP: 17/28 MP: 4/4
  1309 | D:2      | HP: 1/28 [gnoll/+0 flail (1)]
  1311 | D:2      | Mangled by a gnoll

Illustrated notes

Levels and vault maps discovered:
D:1:      dpeg_arrival_arbitrary_c, layout_loops_cross
D:2:      minmay_evil_eye, layout_rooms, kennysheep_generic_room_10,
          uniq_natasha

Skill      XL: |  1  2  3 |
---------------+----------+-----
Shields        | 4 |  4.2
Short Blades   | 2 |  2.3
Armour         | 4 |  4.2
Fighting       | |  3.4
Polearms       | |  0.8
Dodging        | |  0.5

Action                   |  1- 3 |  4- 6 || total
-------------------------+-------+-------++-------
Melee: Rapier            |    24 |       ||    24
       Spear             |    47 |       ||    47
       Short sword       |    33 |    42 ||    75
Throw: Stone             |     2 |       ||     2
  Use: Potion            |     1 |       ||     1
Armor: Scale mail        |   139 |    47 ||   186
Dodge: Dodged            |    88 |    43 ||   131
Block: Buckler           |    35 |    13 ||    48

Table legend: (Time is in decaauts)
 A = Elapsed time spent in this place.
 B = Non-inter-level travel time spent in this place.
 C = Inter-level travel time spent in this place.
 D = Time resting spent in this place.
 E = Time spent auto-exploring this place.
 F = Levels seen in this place.
 G = Mean time per level.
                   A        B        C        D        E       F      G
               +--------+--------+--------+--------+--------+-----+--------+
         Total |   1335 |    483 |    852 |      0 |     18 |   2 |  667.5 |
       Dungeon |   1335 |    483 |    852 |      0 |     18 |   2 |  667.5 |
               +--------+--------+--------+--------+--------+-----+--------+

Top non-repeatable levels by time:
     D:1: 1160 daAuts
     D:2: 175 daAuts
